 Dungeon Crawl Stone Soup version 0.14.2 (webtiles) character file.

73 glosham the Skirmisher (level 2, -3/24 HPs)
             Began as a Formicid Warper on Apr 11, 2017.
             Killed from afar by Blork the orc (9 damage)
             ... with a puff of flame
             ... on Level 6 of the Dungeon.
             The game lasted 00:08:59 (452 turns).

glosham the Skirmisher (Formicid Warper)             Turns: 452, Time: 00:08:59

HP  -3/24        AC  3     Str 15      XL: 2   Next: 55%
MP   5/5         EV 11     Int 12      God:
Gold 59          SH  0     Dex 10      Spells:  1 memorised,  4 levels left

rFire  . . .     SeeInvis +     a - +0 mace
rCold  . . .     Clarity  .     b - +0 leather armour
rNeg   . . .     Conserve .     (no shield)
rPois  .         rCorr    .     (helmet unavailable)
rElec  .         rRot     .     (no cloak)
SustAb . .       Spirit   .     (no gloves)
rMut   .         Warding  .     (no boots)
Saprov . . .     Stasis   +     z - amulet of faith {!P}
MR     .....                    (no ring)
                                (no ring)

@: not resistant to hostile enchantments, very unstealthy
A: permanent stasis, dig shafts and tunnels, four strong arms, antennae 3
a: Dig, Shaft Self


You were on level 6 of the Dungeon.
You were not hungry.

You visited 1 branch of the dungeon, and saw 6 of its levels.

You collected 59 gold pieces.

Inventory:

Hand weapons
 a - a +0,+0 mace (weapon)
Missiles
 e - 15 darts
 f - 10 darts of dispersal
 j - 19 exploding darts (quivered)
 k - 9 arrows
Armour
 b - a +0 leather armour (worn)
Magical devices
 l - a wand of heal wounds (2)
Comestibles
 g - 2 bread rations
 i - a meat ration
Jewellery
 z - an amulet of faith (around neck) {!P}
Potions
 d - 3 potions of paralysis {unknown}
 h - a potion of brilliance {unknown}
 n - a potion of might {unknown}
Books
 c - a book of Spatial Translocations

   Spells                             Type                      Level
   *Apportation                       Translocation                1
   Blink                              Translocation                2
   Shroud of Golubria                 Charms/Translocation         2
   Portal Projectile                  Translocation                3
   Teleport Other                     Translocation                3
   Passage of Golubria                Translocation                4


   Skills:
 * Level 3.2 Fighting
 - Level 2.0 Maces & Flails
 - Level 0.7 Throwing
 - Level 1.1 Armour
 - Level 1.7 Dodging
 - Level 2.1 Spellcasting
 - Level 2.6 Translocations


You had 4 spell levels left.
You knew the following spells:

 Your Spells              Type           Power        Failure   Level  Hunger
a - Apportation           Tloc           #.........   12%         1    ##.....


Dungeon Overview and Level Annotations

Branches:
Dungeon (7/15)
 Temple: D:4-7

Altars:

Annotations:
D:6 Blork the orc


Innate Abilities, Weirdness & Mutations

Your are under a permanent stasis effect.
You can dig through walls and to a lower floor.
Your four strong arms can wield two-handed weapons with a shield.
You have a pair of large antennae on your head (SInv).


Message History

You throw a dart. The dart hits the kobold.
The kobold is moderately wounded.
Throwing (i - inventory. (,) - cycle):
e - 14 darts (quivered)
Press: ? - help, Shift-Dir - straight line, f/p - kobold
Aim: a kobold, wielding a whip (moderately wounded)
You throw a dart. The dart misses the kobold.
Throwing (i - inventory. (,) - cycle):
e - 13 darts (quivered)
Press: ? - help, Shift-Dir - straight line, f/p - kobold
Aim: a kobold, wielding a whip (moderately wounded)
You throw a dart. The dart misses the kobold.
Throwing (i - inventory. (,) - cycle):
j - 20 exploding darts
Press: ? - help, Shift-Dir - straight line, f - giant newt, p - kobold
Aim: a giant newt You throw an exploding dart.
The exploding dart misses the giant newt.
The exploding dart explodes!
The explosion of dart fragments engulfs the giant newt.
You kill the giant newt!
The explosion of dart fragments engulfs the kobold.
You kill the kobold!
You hear a shout!
Things that are here:
a whip; a kobold corpse
e - 13 darts (gained 1)
e - 14 darts (gained 1)
e - 15 darts (gained 1)
You now have 59 gold pieces (gained 14).
Blork the orc comes into view.
He is wielding a runed scimitar.
Blork the orc shouts!
Drink which item? (? for menu, Esc to quit)
Okay, then.
Evoke which item? (* to show all) (? for menu, Esc to quit)
Zapping:
l - a crooked fluorescent wand
Press: ? - help, Shift-Dir - straight line, f - Blork the orc
Aim: Blork the orc, wielding a runed scimitar and wearing a robe Nothing appears to happen.
l - a wand of heal wounds {zapped: 1} Blork the orc points at you and mumbles some strange words.
The puff of flame hits you!
You die...

.## o.# .## ..# ..# #.#
#.# #.# #.# #.# #.# #.#
#.# ##.###
#.#####.###.@..## #
#...$...........##.####
####...<...)...........
###.####.....#.####. #.
#.>..## # #. #..### #.
..... ## ###..## ....


You could see Blork the orc.

Vanquished Creatures
  A giant cockroach (D:1)
  A hobgoblin (D:1)
  5 bats
  A giant newt (D:6)
  A goblin (D:1)
  3 kobolds
  4 rats
16 creatures vanquished.

Notes
Turn   | Place    | Note
--------------------------------------------------------------
     0 | D:1      | glosham, the Formicid Warper, began the quest for the Orb.
     0 | D:1      | Reached XP level 1. HP: 16/16 MP: 3/3
   136 | D:1      | Reached XP level 2. HP: 16/23 MP: 5/5
   161 | D:1      | Reached skill level 3 in Fighting
   312 | D:2      | You fall through a shaft!
   315 | D:3      | You fall through a shaft for 2 floors!
   315 | D:5      | Entered Level 5 of the Dungeon
   344 | D:5      | You fall through a shaft for 2 floors!
   451 | D:6      | Noticed Blork the orc
   452 | D:6      | Killed from afar by Blork the orc

Action                   || total
-------------------------++-------
Melee: Mace              ||    43
Throw: Dart              ||     4
 Cast: Apportation       ||     6
 Abil: Shaft Self        ||     3
Evoke: Wand              ||     1
  Use: Scroll            ||     3

Table legend:
 A = Turns spent in this place as a percentage of turns spent in the entire game.
 B = Non-inter-level travel turns spent in this place as a percentage of non-inter-level travel turns spent in the entire game.
 C = Inter-level travel turns spent in this place as a percentage of turns spent in this place.
 D = Turns resting spent in this place as a percentage of non-inter-level travel turns spent in this place.
 E = Turns spent auto-exploring this place as a percentage of non-inter-level travel turns spent in this place.
 F = Non-inter-level travel turns spent in this place divided by the number of levels of this place that you've seen.
                   A       B       C       D       E      F
               +-------+-------+-------+-------+-------+----------------------
         Total | 100.0 | 100.0 |   0.0 |   0.0 |   0.0 |  64.3
       Dungeon | 100.0 | 100.0 |   0.0 |   0.0 |   0.0 |  64.3
               +-------+-------+-------+-------+-------+----------------------

Table legend:
 A = Kills in this place as a percentage of kills in entire the game.
 B = Kills by you in this place as a percentage of kills by you in the entire game.
 C = Kills by friends in this place as a percentage of kills by friends in the entire game.
 D = Other kills in this place as a percentage of other kills in the entire game.
 E = Experience gained in this place as a percentage of experience gained in the entire game.
 F = Experience gained in this place divided by the number of levels of this place that you have seen.
                   A       B       C       D       E      F
               +-------+-------+-------+-------+-------+----------------------
         Total | 100.0 | 100.0 |  -nan |  -nan | 100.0 |   3.3
       Dungeon | 100.0 | 100.0 |  -nan |  -nan | 100.0 |   3.3
               +-------+-------+-------+-------+-------+----------------------

Vault maps used:
D:1:      evilmike_arrival_fibonacci_small, minmay_misc_feat_rows,
          lemuel_flame_loot_1
D:2:      hangedman_decor_growths
D:3:      grunt_ministairs_3, hangedman_decor_clover_reticule, bloody_makhleb,
          uniq_terence, uniq_grinder
D:5:      temple_doors_e, first_bread, corexii_leaking_fountain, uniq_iyjb
D:6:      kennysheep_orc_sif_temple, serial_shops, nicolae_shop_statue_plus,
          shop, nicolae_shop_trees, shop,
          nicolae_shop_competitors_out_of_business, uniq_blork_the_orc,
          uniq_prince_ribbit1
D:7:      gammafunk_temple_overflow_pools
